 Dungeon Crawl Stone Soup version 0.26-a0-651-gb41185065b (webtiles) character file.

Game seed: 12643119404153691775

332 tof the Chopper (level 6, -3/56 HPs)
             Began as a Minotaur Berserker on Sept 29, 2020.
             Was a Believer of Trog.
             Killed by nerve-wracking pain
             ... invoked by an orc priest
              (14 damage)
             ... on level 4 of the Dungeon.
             The game lasted 00:04:05 (3358 turns).

tof the Chopper (Minotaur Berserker)                Turns: 3358, Time: 00:04:05

Health: -3/56      AC:  6    Str: 29    XL:     6   Next: 26%
Magic:  5/5        EV: 12    Int:  4    God:    Trog [**....]
Gold:   225        SH:  0    Dex: 10    Spells: 5/5 levels left

rFire    . . .     SeeInvis .   a - +0 hand axe
rCold    . . .     Faith    .   (no shield)
rNeg     . . .     Spirit   .   g - +0 ring mail
rPois    .         Reflect  .   (helmet restricted)
rElec    .         Harm     .   (no cloak)
rCorr    .         Rampage  .   (no gloves)
MR       .....                  (no boots)
Stlth    ..........             (no amulet)
HPRegen  0.18/turn              (no ring)
MPRegen  0.09/turn              s - +6 ring of strength

@: lethally poisoned (-3 -> -5)
A: retaliatory headbutt, horns 2
a: Berserk, Trog's Hand, Renounce Religion


You were on level 4 of the Dungeon.
You worshipped Trog.
Trog was pleased with you.
You visited 1 branch of the dungeon, and saw 4 of its levels.

You collected 225 gold pieces.

Inventory:

Hand Weapons
 a - a +0 hand axe (weapon)
Armour
 g - a +0 ring mail (worn)
Jewellery
 s - a +6 ring of strength (right hand)
Scrolls
 d - 2 scrolls of fear
 i - a scroll of enchant armour {unknown}
 j - a scroll of blinking {unknown}
 k - 4 scrolls of remove curse
 l - 2 scrolls of amnesia {unknown}
 m - 2 scrolls of teleportation
 o - a scroll of random uselessness {unknown}
 q - 3 scrolls of fog
 u - a scroll of magic mapping {unknown}
Potions
 b - a potion of haste {unknown}
 c - 3 potions of curing
 e - 2 potions of stabbing
 f - a potion of resistance {unknown}
 n - a potion of berserk rage {unknown}
 p - a potion of heal wounds {unknown}
 t - a potion of flight {unknown}


   Skills:
 + Level 5.6 Fighting
 + Level 5.6 Axes
 + Level 4.9 Armour
 - Level 2.7 Dodging


You had 5 spell levels left.
You didn't know any spells.
Your spell library was empty.

Dungeon Overview and Level Annotations

Branches:
Dungeon (4/15)
 Temple: D:4-7

Altars:
Qazlal


Innate Abilities, Weirdness & Mutations

You reflexively headbutt those who attack you in melee.
You have a pair of horns on your head.


Message History

You headbutt the orc wizard.
You kill the orc wizard!
Trog accepts your kill.
Trog appreciates your killing of a magic user.
You feel sick. The orc priest closely misses you.
Things that are here:
a +0 dagger; a +0 robe; an orc corpse You hit the orc priest but do no damage.
You headbutt the orc priest.
The orc priest is heavily wounded.
You feel sick.
The orc priest looks braver for a moment.
Your ring mail prevents you from hitting the orc priest.
The orc priest is heavily wounded.
The orc priest barely misses you.
You hit the orc priest. Your headbutt misses the orc priest.
The orc priest is almost dead.
The orc priest calls down the wrath of Beogh upon you.
Pain shoots through your body!
You die...

###..§....'........
##......# #........
#. #...# #.......
#.###)# ##.....#
#..#..# ##...##
#...## ##'## ##.##
#.# #o# #####.##
#@# #.....(#
#.########.##...##
#)).....†........#
##########..#...##
#........ #.###..##
#.# #..# #.# #..#
#.. ...#


You could see an orc priest.

Vanquished Creatures
  An ogre (D:3)
  4 orc wizards (D:4)
  A worker ant (D:4)
  4 gnolls (D:4)
  2 adders (D:2)
  3 worms
  A dart slug (D:1)
  2 leopard geckos
  4 orcs
  A ball python (D:1)
  4 bats
  4 giant cockroaches
  5 goblins
  7 hobgoblins
  A jackal (D:1)
  9 kobolds
  3 quokkas (D:2)
  3 frilled lizards
  11 rats
70 creatures vanquished.

Notes
Turn   | Place    | Note
-------+----------+-------------------------------------------
     0 | D:1      | tof the Minotaur Berserker began the quest for the Orb.
     0 | D:1      | Reached XP level 1. HP: 19/19 MP: 0/0
    82 | D:1      | Reached XP level 2. HP: 18/27 MP: 1/1
   657 | D:1      | Reached XP level 3. HP: 33/33 MP: 2/2
  1162 | D:2      | Reached ** piety under Trog
  2114 | D:2      | Reached XP level 4. HP: 41/41 MP: 3/3
  2532 | D:3      | Found a stormy altar of Qazlal.
  2755 | D:3      | Noticed an ogre
  2763 | D:3      | Killed an ogre
  2763 | D:3      | Reached skill level 5 in Fighting
  2763 | D:3      | Reached skill level 5 in Axes
  2763 | D:3      | Reached XP level 5. HP: 16/48 MP: 4/4
  3211 | D:4      | Reached XP level 6. HP: 56/56 MP: 5/5
  3358 | D:4      | Killed from afar by an orc priest

Illustrated notes

Levels and vault maps discovered:
D:1:      evilmike_arrival_hilbert_curve, layout_loops_cross,
          minmay_pentomino_o4
D:2:      layout_basic
D:3:      layout_rooms, nicolae_qazlal_eye_of_the_storm
D:4:      layout_loops_corners, uniq_pikel

Skill      XL: |  1  2  3  4 |
---------------+-------------+-----
Fighting       | 4 5 |  5.6
Axes           | 4 5 |  5.6
Armour         | 3 4 |  4.9
Dodging        | |  2.7

Action                   |  1- 3 |  4- 6 || total
-------------------------+-------+-------++-------
Melee: Hand axe          |    87 |    68 ||   155
       Headbutt          |    15 |    15 ||    30
Invok: Berserk           |       |     1 ||     1
  Use: Scroll            |       |     7 ||     7
Armor: Animal skin       |     9 |       ||     9
       Leather armour    |       |     6 ||     6
       Ring mail         |       |    14 ||    14
Dodge: Dodged            |    58 |    34 ||    92

Table legend: (Time is in decaauts)
 A = Elapsed time spent in this place.
 B = Non-inter-level travel time spent in this place.
 C = Inter-level travel time spent in this place.
 D = Time resting spent in this place.
 E = Time spent auto-exploring this place.
 F = Levels seen in this place.
 G = Mean time per level.
                   A        B        C        D        E       F      G
               +--------+--------+--------+--------+--------+-----+--------+
         Total |   3371 |   3289 |     82 |    956 |   1919 |   4 |  842.8 |
       Dungeon |   3371 |   3289 |     82 |    956 |   1919 |   4 |  842.8 |
               +--------+--------+--------+--------+--------+-----+--------+

Top non-repeatable levels by time:
     D:2: 1315 daAuts
     D:1: 1133 daAuts
     D:3: 634 daAuts
     D:4: 289 daAuts
